 Dungeon Crawl Stone Soup version 0.28.0 (webtiles) character file.

Game seed: 10586106098818780200

39 SnakkuSnakku7 the Ducker (level 3, -2/28 HPs)
             Began as a Djinni Gladiator on Feb 10, 2022.
             Slain by a gnoll (4 damage)
             ... on level 2 of the Dungeon.
             The game lasted 00:01:03 (1126 turns).

SnakkuSnakku7 the Ducker (Djinni Gladiator)         Turns: 1126, Time: 00:01:03

Health: -2/28      AC:  4    Str: 13    XL:     3   Next: 70%
Gold:   36         EV: 12    Int: 11    God:
                   SH:  0    Dex: 14

rFire   + + .      SeeInvis .   a - +0 quarterstaff
rCold   x . .      Faith    +   (shield currently unavailable)
rNeg    . . .      Spirit   .   b - +0 leather armour
rPois   ∞          Reflect  .   c - +0 helmet
rElec   .          Harm     .   (no cloak)
rCorr   .          Rampage  .   (no gloves)
Will    .....                   (boots unavailable)
Stlth   +.........              e - amulet of faith
HPRegen 0.09/turn               (no ring)
MPRegen 0.00/turn               (no ring)

@: flying
A: sickness immunity, fire resistance 2, cold vulnerability 1, float, innate
caster, HP casting, extra vitality 1
a: no special abilities


You were on level 2 of the Dungeon.
You visited 1 branch of the dungeon, and saw 2 of its levels.

You collected 36 gold pieces.

Inventory:

Hand Weapons
 a - a +0 quarterstaff (weapon)
Missiles
 d - 3 throwing nets (quivered)
Armour
 b - a +0 leather armour (worn)
 c - a +0 helmet (worn)
Jewellery
 e - an amulet of faith (around neck)
Scrolls
 f - a scroll of fear {unknown}
 g - a scroll of identify {unknown}
 h - a scroll of torment {unknown}
 i - a scroll of enchant armour {unknown}
 j - 3 scrolls of noise {unknown}


   Skills:
 - Level 2.0 Fighting
 - Level 2.6 Staves
 - Level 1.5 Throwing
 - Level 3.2 Dodging
 + Level 2.2 Spellcasting


You had 5 spell levels left.
You knew the following spells:

 Your Spells              Type           Power      Damage    Failure   Level
a - Summon Small Mammal   Summ           24%        N/A       14%         1
Your spell library was empty.

Dungeon Overview and Level Annotations

Branches:
Dungeon (2/15)

Altars:


Innate Abilities, Weirdness & Mutations

You are immune to sickness and miasma.
You are immune to poison.
Your flesh is very heat resistant. (rF++)
You are vulnerable to cold. (rC-)
You float through the air rather than walking.
You learn spells naturally, not from books.
Your magical power is your life essence.
You have superior vitality. (+4 MHP)


Message History

There is a stone staircase leading up, spattered with blood here.
Items here: ))) †††††.
Unknown command.
You hit the gnoll.
The gnoll is heavily wounded.
You sock the gnoll!
You kill the gnoll!
You hear a splash.
You closely miss the gnoll.
The gnoll hits the bush but does no damage.
You completely miss the gnoll. The gnoll hits you with a +0 flail!
You are too injured to fight recklessly!
You are too injured to fight recklessly!
The gnoll hits the bush but does no damage.
The gnoll barely misses you.
You hit the plant.
The plant begins to die.
The plant is lightly damaged.
The gnoll hits you with a +0 flail.
The hobgoblin shouts!
You hit the plant.
The plant is lightly damaged.
The gnoll hits you with a +0 club. The gnoll closely misses you.
The gnoll splashes around in the water.
The gnoll barely misses you.
You hit the plant.
The plant is lightly damaged.
The gnoll hits you but does no damage.
The gnoll hits the plant with a +0 whip!
The plant begins to die.
The gnoll misses you.
Something hits the bush but does no damage.
You hit the plant.
The plant begins to die.
The plant is lightly damaged.
A nearby plant withers and dies.
The gnoll hits the plant with a +0 whip!
The gnoll hits you with a +0 flail!
* * * LOW HITPOINT WARNING * * *
You hit the plant.
The plant is lightly damaged.
The gnoll barely misses you.
The gnoll splashes around in the water.
The gnoll hits you with a +0 club.
You die...

.#g.... .# #.........
......♣.♣ # .....♣.♣.#
## ♣♣♣♣♣ ♣...♣.♣.##
....♣♣..P♣♣♣♣g......###
♣.gPgP≈..♣gg........
♣@≈≈≈.♣..........
♣P♣gg≈P♣g.........
#♣♣P≈P.♣..........
♣PP♣♣<.......#.#
♣♣♣♣######.#.# # .....
...... ...... ...


You could see 3 gnolls and a hobgoblin.

Vanquished Creatures
  A gnoll (D:2)
  A dart slug (D:1)
  A ball python (D:1)
  3 bats (D:1)
  An endoplasm (D:1)
  2 goblins (D:2)
  A hobgoblin (D:1)
  4 jackals (D:2)
  12 frilled lizards
  3 kobolds
29 creatures vanquished.

Vanquished Creatures (others)
  2 plants (D:2)
2 creatures vanquished.

Grand Total: 31 creatures vanquished

Notes
Turn   | Place    | Note
-------+----------+-------------------------------------------
     0 | D:1      | SnakkuSnakku7 the Djinni Gladiator began the quest for the
                  | Orb.
     0 | D:1      | Reached XP level 1. HP: 18/18 MP: 0/0
    91 | D:1      | Found a faded altar of an unknown god.
   114 | D:1      | Reached skill level 1 in Spellcasting
   114 | D:1      | Reached XP level 2. HP: 23/23 MP: 0/0
   976 | D:1      | Reached XP level 3. HP: 28/28 MP: 0/0
   976 | D:1      | Learned a level 1 spell: Summon Small Mammal
  1126 | D:2      | Slain by a gnoll

Illustrated notes

Levels and vault maps discovered:
D:1:      saegor_arrival_under_anarchy, layout_basic,
          ebering_ecumenical_altar_petrified, minmay_lizard_pond
D:2:      layout_rooms, serial_forest, infiniplex_forest_straight_1,
          infiniplex_forest_end_3, infiniplex_forest_straight_3,
          infiniplex_forest_lined_ring, infiniplex_forest_clump_curved,
          infiniplex_forest_pool, infiniplex_forest_clump_curved,
          infiniplex_forest_clump_small

Skill      XL: |  1  2  3 |
---------------+----------+-----
Spellcasting   | 1 2 |  2.2
Fighting       | |  2.0
Staves         | |  2.6
Throwing       | |  1.5
Dodging        | |  3.2

Action                   || total
-------------------------++-------
Melee: Quarterstaff      ||    90
Armor: Leather armour    ||    29
Dodge: Dodged            ||    54
